 Dungeon Crawl Stone Soup version 0.28.0-47-ge53b351184 (webtiles) character file.

Game seed: 7849745360285891151

170 Iusername the Poker (level 5, -4/41 HPs)
             Began as a Merfolk Gladiator on May 6, 2022.
             Slain by a gnoll
             ... wielding a +0 whip
              (5 damage)
             ... on level 4 of the Dungeon on May 9, 2022.
             The game lasted 00:05:16 (4595 turns).

Iusername the Poker (Merfolk Gladiator)             Turns: 4595, Time: 00:05:17

Health: -4/41      AC:  4    Str: 16    XL:     5   Next: 51%
Magic:  5/5        EV: 14    Int:  8    God:
Gold:   167        SH:  0    Dex: 15    Spells: 4/4 levels left

rFire   . . .      SeeInvis .   a - +0 trident
rCold   . . .      Faith    .   (no shield)
rNeg    . . .      Spirit   .   b - +0 leather armour
rPois   .          Reflect  .   c - +0 helmet
rElec   .          Harm     .   (no cloak)
rCorr   .          Rampage  .   (no gloves)
Will    .....                   (no boots)
Stlth   +.........              (no amulet)
HPRegen 0.13/turn               (no ring)
MPRegen 0.09/turn               (no ring)

@: no status effects
A: (nimble swimmer 2), mertail, passive freeze, wild magic 1
a: no special abilities


You were on level 4 of the Dungeon.
You visited 1 branch of the dungeon, and saw 4 of its levels.

You collected 167 gold pieces.

Inventory:

Hand Weapons
 a - a +0 trident (weapon)
Missiles
 d - 2 throwing nets (quivered)
 p - 5 javelins
Armour
 b - a +0 leather armour (worn)
 c - a +0 helmet (worn)
Jewellery
 i - a ring of resist corrosion
Scrolls
 f - a scroll of brand weapon {unknown}
 g - a scroll of enchant armour {unknown}
 j - a scroll of vulnerability {unknown}
 l - a scroll of identify {unknown}
 m - a scroll of summoning {unknown}
 n - a scroll of immolation {unknown}
 o - a scroll of blinking {unknown}
Potions
 e - 2 potions of flight {unknown}
 k - a potion of resistance {unknown}


   Skills:
 + Level 3.5 Fighting
 + Level 5.7 Polearms
 + Level 3.2 Throwing
 + Level 5.2 Dodging


You had 4 spell levels left.
You didn't know any spells.
Your spell library was empty.

Dungeon Overview and Level Annotations

Branches:
Dungeon (4/15)
 Temple: D:4-7

Altars:
Gozag

Shops:
D:2 *

Portals:
Abyss: D:4

Annotations:
D:4 2 transporters, Bearnado's ghost, amateur MiBe


Innate Abilities, Weirdness & Mutations

((You are very nimble when in or above water. (Stealth+, EV+, Speed+++)))
Your lower body shifts to a powerful aquatic tail in water.
A frigid envelope surrounds you and freezes all who hurt you.
Your spells are a little harder to cast, but a little more powerful.


Message History

The gnoll shaman shouts!
The gnoll shouts!
The gnoll barely misses you. The goblin closely misses you.
You puncture the gnoll!
The gnoll is severely wounded.
An adder comes into view.
The gnoll hits you from afar with a +0 spear.
The gnoll misses you. The goblin hits you with a +0 dagger.
The adder hisses angrily.
You hit the gnoll.
The gnoll is severely wounded.
The gnoll closely misses you. The gnoll misses you.
The gnoll shaman calls upon its god to heal the gnoll.
The gnoll is healed somewhat.
The goblin closely misses you.
You hit the gnoll.
The gnoll is moderately wounded.
The gnoll hits you with a +0 whip. The gnoll closely misses you.
The giant cockroach waves its antennae.
The gnoll barely misses you. The goblin closely misses you.
You barely miss the gnoll.
The gnoll is moderately wounded.
The gnoll hits you with a +0 whip. The gnoll closely misses you.
The gnoll barely misses you. The goblin misses you.
The gnoll shaman barely misses you.
You puncture the gnoll!
You kill the gnoll!
The gnoll hits you with a +0 whip! The gnoll misses you.
The goblin hits you but does no damage.
The gnoll shaman hits you with a +0 club!
You miss the adder. The adder bites you. The giant cockroach bites you.
The gnoll closely misses you.
The gnoll hits you from afar with a +0 spear.
* * * LOW HITPOINT WARNING * * *
The adder closely misses you. The goblin barely misses you.
The giant cockroach misses you.
The gnoll shaman hits you with a +0 club!
* * * LOW HITPOINT WARNING * * *
It was a potion of mutation.
You feel extremely strange.
Your skin feels very cold.
You feel less in control of your magic. The gnoll hits you with a +0 whip.
You die...

#.. #. #.#
...##.###.##### ###
..............# #..
..............### #..
................######..
........................
.....gggB...............
......S@..........###..#
......g..........## ####
.................#.# ∩
.................#.# ..
................##.# ...
...............##..####.
.............(.##...#.##
................##5##.©#
.......)...###..##


You could see a gnoll shaman, 2 gnolls, an adder, a giant cockroach and a
goblin.

Vanquished Creatures
  An orc priest (D:3)
  4 gnolls
  2 adders
  2 worms (D:2)
  6 orcs
  A bat (D:1)
  5 endoplasms
  4 giant cockroaches (D:1)
  7 goblins
  4 hobgoblins
  9 jackals
  A quokka (D:1)
  13 ball pythons
  2 frilled lizards (D:1)
  3 kobolds
  5 rats
69 creatures vanquished.

Notes
Turn   | Place    | Note
-------+----------+-------------------------------------------
     0 | D:1      | Iusername the Merfolk Gladiator began the quest for the
                  | Orb.
     0 | D:1      | Reached XP level 1. HP: 16/16 MP: 1/1
   198 | D:1      | Reached XP level 2. HP: 23/23 MP: 2/2
   777 | D:1      | Found a faded altar of an unknown god.
  1001 | D:1      | Reached XP level 3. HP: 28/28 MP: 3/3
  1282 | D:2      | Reached skill level 5 in Polearms
  1620 | D:2      | Reached XP level 4. HP: 16/35 MP: 4/4
  2175 | D:2      | Found Yrrijit's General Store.
  2536 | D:3      | Reached skill level 5 in Dodging
  3316 | D:3      | Found an opulent altar of Gozag.
  3436 | D:3      | Reached XP level 5. HP: 13/41 MP: 5/5
  4474 | D:4      | Noticed a small abomination
  4497 | D:4      | Noticed a toenail golem
  4528 | D:4      | Found a transporter.
  4546 | D:4      | Noticed a kobold brigand
  4552 | D:4      | Noticed Bearnado's ghost (amateur MiBe)
  4555 | D:4      | Found a transporter.
  4566 | D:4      | Found a one-way gate to the infinite horrors of the Abyss.
  4594 | D:4      | HP: 1/41 [gnoll shaman/+0 club (7)]
  4595 | D:4      | Gained mutation: A frigid envelope surrounds you and
                  | freezes all who hurt you. [potion of mutation]
  4595 | D:4      | Gained mutation: Your spells are a little harder to cast,
                  | but a little more powerful. [potion of mutation]
  4595 | D:4      | Slain by a gnoll

Illustrated notes

Levels and vault maps discovered:
D:1:      dpeg_arrival_line_fractal, layout_loops_corners,
          shapermc_ecumenical_altar_hornbeckon
D:2:      layout_basic, serial_shops, shop_statue
D:3:      layout_basic, grunt_gozag_breadcrumbs
D:4:      layout_basic, gammafunk_ghost_abyssal_escape, grunt_decor_cap

Skill      XL: |  1  2  3  4 |
---------------+-------------+-----
Polearms       | 5 |  5.7
Fighting       | 3 |  3.5
Dodging        | 5 |  5.2
Throwing       | 3 |  3.2

Action                   |  1- 3 |  4- 6 || total
-------------------------+-------+-------++-------
Melee: Trident           |   126 |    93 ||   219
       Punch             |     1 |       ||     1
Throw: Throwing net      |       |     1 ||     1
  Use: Potion            |       |     1 ||     1
 Stab: Sleeping          |     1 |       ||     1
Armor: Leather armour    |    25 |    10 ||    35
Dodge: Dodged            |    70 |    70 ||   140
